 Dungeon Crawl Stone Soup version 0.17-a0-1954-g0dddeaa (webtiles) character file.

40 4thArraOfDagon the Chopper (level 3, 0/34 HPs)
             Began as a Naga Berserker on Oct 3, 2015.
             Was a Follower of Trog.
             Succumbed to a worker ant's poison
             ... on level 4 of the Dungeon.
             The game lasted 00:01:50 (294 turns).

4thArraOfDagon the Chopper (Naga Berserker)          Turns: 294, Time: 00:01:50

Health: 0/34       AC:  2    Str: 25    XL:     3   Next: 50%
Magic:  3/3        EV:  9    Int: 11    God:    Trog [*.....]
Gold:   37         SH:  0    Dex: 10    Spells: 0 memorised, 2 levels left

rFire  . . .     SeeInvis +     j - +0 war axe
rCold  . . .     Clarity  .     b - +0 animal skin
rNeg   . . .     SustAt   .     (no shield)
rPois  +         Gourm    .     (no helmet)
rElec  .         Spirit   .     (no cloak)
rCorr  .         Warding  .     (no gloves)
rMut   .         Stasis   .     (no barding)
MR     .....                    (no amulet)
Stlth  +.........               (no ring)
                                l - +4 ring of intelligence

@: mighty, lethally poisoned (0 -> -2), exhausted, flying, slowed, very slow,
not resistant to hostile enchantments, very unstealthy
A: see invisible, deformed body, poison resistance, slowness 2, slow metabolism
1, spit poison 2, AC +1
a: Spit Poison, Burn Spellbooks, Berserk, Renounce Religion


You were on level 4 of the Dungeon.
You worshipped Trog.
Trog was aware of your devotion.
You were hungry.

You visited 1 branch of the dungeon, and saw 4 of its levels.

You collected 37 gold pieces.

Inventory:

Hand weapons
 j - a +0 war axe (weapon)
Missiles
 k - a throwing net (quivered)
Armour
 b - a +0 animal skin (worn)
Jewellery
 l - a +4 ring of intelligence (left hand)
Scrolls
 a - a scroll of remove curse {unknown}
 e - a scroll of identify {unknown}
 f - a scroll of blinking {unknown}
Comestibles
 c - a bread ration
 d - 2 meat rations
 g - a beef jerky


   Skills:
 + Level 3.3 Fighting
 * Level 3.8 Axes
 + Level 2.0 Armour
 - Level 1.5 Dodging


You had 2 spell levels left.
You didn't know any spells.

Dungeon Overview and Level Annotations

Branches:
Dungeon (4/15)
 Temple: D:4-7

Altars:
Cheibriados
The Shining One


Innate Abilities, Weirdness & Mutations

You cannot wear boots.
Your serpentine skin is tough (AC +1).
You have supernaturally acute eyesight.
Armour fits poorly on your strangely shaped body.
Your system is resistant to poisons.
You cover ground very slowly.
You have a slow metabolism.
You can spit poison.


Message History

Increase (S)trength, (I)ntelligence, or (D)exterity?
You feel stronger.
Your skin feels tougher.
You see here a worker ant corpse.
You butcher the worker ant corpse.
You enjoyed that.
You are no longer berserk.
You are exhausted.
You feel yourself slow down.
You see here a chunk of flesh.
Drink which item? (? for menu, Esc to quit)
It was a potion of flight.
You feel very buoyant.
You fly up into the air.
* * * LOW HITPOINT WARNING * * *
You feel sick.
Unknown command.
Drink which item? (? for menu, Esc to quit)
It was a potion of might.
You feel very mighty all of a sudden.
Unknown command.
You are feeling hungry.
You die...

#.## #... ...
##.. .. ###...
..# # #....# ..#
.# ###.##.##.##.#
###......<.....#
#..............##
#....>.@.<......#
#.......%.......#
................#
.................
................#
...............##
#.(...........##
#.....#########
.....


There were no monsters in sight!

Vanquished Creatures
  A worker ant (D:4)
  An adder (D:2)
  An orc (D:3)
  A bat (D:2)
  A quokka (D:3)
  2 giant newts
  3 kobolds
  A rat (D:1)
11 creatures vanquished.

Notes
Turn   | Place    | Note
--------------------------------------------------------------
     0 | D:1      | 4thArraOfDagon the Naga Berserker began the quest for the Orb.
     0 | D:1      | Reached XP level 1. HP: 21/21 MP: 1/1
    86 | D:2      | Found a glowing golden altar of the Shining One.
   100 | D:2      | Reached XP level 2. HP: 28/28 MP: 2/2
   147 | D:2      | Found a snail-covered altar of Cheibriados.
   288 | D:4      | HP: 1/42 [worker ant (7)]
   289 | D:4      | Reached XP level 3. HP: 1/34 MP: 3/3
   294 | D:4      | Succumbed to a worker ant's poison

Vault maps used:
D:1:      lightli_arrival_windingriver, minmay_misc_feat_pillars
D:2:      nicolae_overflow_crystal_walls, lemuel_doored_altar
D:3:      uniq_natasha
D:4:      lemuel_round_altar, serial_corexii_hall, corexii_hall_statues_u,
          corexii_hall_statues_t, first_bread, uniq_crazy_yiuf_cottage

Action                   || total
-------------------------++-------
Melee: Hand axe          ||    16
       War axe           ||    12
Invok: Berserk           ||     2
 Abil: Spit Poison       ||     9
  Use: Potion            ||     2
